General information
			
			
        
        - name: BNet
 
        - type: Ladder 1vs1/FFA
 
        - host: Battle.net
 
        - saver: BEAR_AND
 
        
map: GnollWood 
        - players: 2
 
        - length: 107:57
 
        - speed: Fast
 - version: 1.22 W3XP
 - replay type:  

 
» download(370 KB)
Players
        team 1 (loser) 
              
              
ZoolmaN (
blue | 50 APM | 5403 actions | 107:54)
              
 1 Crypt Lord 
 1 Impale
 7 Death Knight 
 3 Death Coil
 3 Unholy Aura
 1 Animate Dead
 7 Dreadlord 
 3 Vampiric Aura
 1 Sleep
 2 Carrion Swarm
 1 Inferno
 
                » actions 
                
                | Assign group hotkey | 167 |  | 
| Basic commands | 8 |  | 
| Build / train | 244 |  | 
| ESC pressed | 18 |  | 
| Enter build submenu | 86 |  | 
| Enter hero's abilities submenu | 16 |  | 
| Give item / drop item | 7 |  | 
| Remove unit from queue | 12 |  | 
| Right click | 1763 |  | 
| Select / deselect | 1566 |  | 
| Select group hotkey | 1149 |  | 
| Use ability | 366 |  | 
                5403 total
 » units 
                
                | Acolyte | 55 |  | 
| Ghoul | 10 |  | 
| Crypt Fiend | 9 |  | 
| Obsidian Statue | 6 |  | 
| Mud Golem | 1 |  | 
| Forest Troll Shadow Priest | 1 |  | 
| Meatwagon | 8 |  | 
| Necromancer | 24 |  | 
| Abomination | 4 |  | 
| Frost Wyrm | 9 |  | 
| Gargoyle | 3 |  | 
| Banshee | 2 |  | 
                132 total
 » upgrades
                
                | Web | 1 |  | 
| Unholy Strength | 3 |  | 
| Exhume Corpses | 1 |  | 
| Skeletal Longevity | 1 |  | 
| Unholy Armor | 3 |  | 
| Necromancer Training | 2 |  | 
| Creature Attack | 3 |  | 
| Creature Carapace | 3 |  | 
| Skeletal Mastery | 1 |  | 
| Destroyer Form | 1 |  | 
| Disease Cloud | 1 |  | 
| Ghoul Frenzy | 1 |  | 
| Banshee Training | 2 |  | 
| Freezing Breath | 1 |  | 
| Cannibalize | 1 |  | 
| Burrow | 1 |  | 
| Stone Form | 1 |  | 
| Backpack | 1 |  | 
                28 total
 » buildings
                
                | Crypt | 3 |  | 
| Altar of Darkness | 5 |  | 
| Ziggurat | 33 |  | 
| Graveyard | 3 |  | 
| Halls of the Dead | 4 |  | 
| Tomb of Relics | 3 |  | 
| Nerubian Tower | 8 |  | 
| Necropolis | 9 |  | 
| Slaughterhouse | 4 |  | 
| Temple of the Damned | 4 |  | 
| Spirit Tower | 12 |  | 
| Black Citadel | 3 |  | 
| Sacrificial Pit | 4 |  | 
| Boneyard | 2 |  | 
                97 total
 » build order
                00:11 Crypt
00:13 Altar of Darkness
00:31 Ziggurat
01:11 Graveyard
02:49 Ziggurat
04:14 Halls of the Dead
04:25 Tomb of Relics
04:29 Nerubian Tower
04:42 Ziggurat
05:43 Ziggurat
07:40 Necropolis
07:43 Ziggurat
07:47 Ziggurat
08:03 Slaughterhouse
09:32 Temple of the Damned
10:47 Nerubian Tower
10:48 Spirit Tower
15:31 Black Citadel
20:08 Sacrificial Pit
21:21 Ziggurat
22:31 Necropolis
22:38 Boneyard
22:42 Spirit Tower
24:29 Ziggurat
24:31 Ziggurat
24:42 Spirit Tower
25:32 Nerubian Tower
25:34 Spirit Tower
28:06 Necropolis
31:22 Ziggurat
32:17 Necropolis
32:42 Spirit Tower
37:24 Necropolis
37:26 Ziggurat
37:28 Ziggurat
37:31 Ziggurat
38:38 Nerubian Tower
38:40 Spirit Tower
40:15 Ziggurat
40:17 Ziggurat
46:40 Necropolis
46:42 Ziggurat
48:29 Spirit Tower
49:27 Halls of the Dead
49:29 Spirit Tower
49:30 Nerubian Tower
49:55 Altar of Darkness
49:59 Tomb of Relics
50:03 Ziggurat
50:43 Ziggurat
51:25 Necropolis
51:44 Nerubian Tower
51:56 Graveyard
51:58 Black Citadel
52:08 Sacrificial Pit
52:12 Nerubian Tower
52:17 Crypt
52:24 Ziggurat
52:34 Ziggurat
53:08 Ziggurat
53:12 Halls of the Dead
53:40 Nerubian Tower
54:04 Necropolis
54:48 Spirit Tower
55:04 Spirit Tower
55:39 Black Citadel
56:16 Temple of the Damned
56:23 Slaughterhouse
56:28 Ziggurat
57:43 Altar of Darkness
57:46 Necropolis
57:54 Sacrificial Pit
58:14 Temple of the Damned
59:02 Ziggurat
59:04 Ziggurat
62:21 Halls of the Dead
64:36 Slaughterhouse
67:18 Slaughterhouse
67:21 Boneyard
67:32 Altar of Darkness
67:57 Spirit Tower
84:32 Ziggurat
84:35 Ziggurat
84:38 Ziggurat
84:40 Ziggurat
84:44 Ziggurat
84:46 Ziggurat
85:08 Tomb of Relics
85:14 Crypt
85:26 Sacrificial Pit
87:19 Graveyard
87:25 Ziggurat
87:33 Ziggurat
88:52 Spirit Tower
89:26 Altar of Darkness
89:53 Temple of the Damned
95:59 Ziggurat
» items
                
                | Rod of Necromancy | 1 |  | 
| Sacrificial Skull | 1 |  | 
| Scroll of Town Portal | 9 |  | 
| Scroll of Healing | 9 |  | 
| Scroll of Protection | 4 |  | 
| Potion of Lesser Invulnerability | 3 |  | 
                27 total
  
               team 2 (winner) 
              
              
BEAR_AND (
orange | 123 APM | 13307 actions | 107:57)
              
 10 Mountain King 
 3 Storm Bolt
 3 Bash
 1 Avatar
 3 Thunder Clap
 10 Paladin 
 3 Holy Light
 3 Divine Shield
 3 Devotion Aura
 1 Resurrection
 
                » actions 
                
                | Assign group hotkey | 65 |  | 
| Basic commands | 54 |  | 
| Build / train | 268 |  | 
| Enter build submenu | 71 |  | 
| Enter hero's abilities submenu | 21 |  | 
| Give item / drop item | 21 |  | 
| Remove unit from queue | 13 |  | 
| Right click | 7603 |  | 
| Select / deselect | 1425 |  | 
| Select group hotkey | 2999 |  | 
| Use ability | 767 |  | 
                13307 total
 » units 
                
                | Peasant | 24 |  | 
| Footman | 5 |  | 
| Knight | 11 |  | 
| Dragonhawk Rider | 11 |  | 
| Gryphon Rider | 20 |  | 
| Sorceress | 3 |  | 
| Mortar Team | 11 |  | 
| Priest | 1 |  | 
                86 total
 » upgrades
                
                | Masonry | 3 |  | 
| Lumber Harvesting | 2 |  | 
| Backpack | 1 |  | 
| Swords | 3 |  | 
| Plating | 3 |  | 
| Animal War Training | 1 |  | 
| Cloud | 1 |  | 
| Storm Hammers | 1 |  | 
| Armor | 3 |  | 
| Magic Sentry | 1 |  | 
| Gunpowder | 3 |  | 
| Sorceress Training | 2 |  | 
| Fragmentation Shards | 1 |  | 
| Flare | 1 |  | 
| Priest Training | 1 |  | 
                27 total
 » buildings
                
                | Altar of Kings | 1 |  | 
| Barracks | 1 |  | 
| Farm | 9 |  | 
| Lumber Mill | 1 |  | 
| Scout Tower | 107 |  | 
| Arcane Tower | 7 |  | 
| Guard Tower | 65 |  | 
| Arcane Vault | 3 |  | 
| Town Hall | 3 |  | 
| Keep | 2 |  | 
| Blacksmith | 1 |  | 
| Castle | 1 |  | 
| Workshop | 4 |  | 
| Gryphon Aviary | 3 |  | 
| Arcane Sanctum | 1 |  | 
                209 total
 » build order
                00:22 Altar of Kings
00:36 Barracks
00:50 Farm
01:20 Farm
01:42 Lumber Mill
01:52 Farm
02:17 Scout Tower
02:18 Scout Tower
02:42 Farm
03:00 Arcane Tower
03:00 Arcane Tower
03:17 Guard Tower
03:17 Guard Tower
04:59 Scout Tower
05:10 Arcane Vault
05:13 Town Hall
05:16 Arcane Vault
05:22 Scout Tower
05:28 Scout Tower
05:36 Guard Tower
05:40 Scout Tower
05:41 Scout Tower
05:57 Arcane Tower
06:01 Scout Tower
06:13 Guard Tower
06:13 Guard Tower
06:13 Guard Tower
06:30 Guard Tower
06:33 Scout Tower
06:34 Scout Tower
06:35 Scout Tower
06:36 Scout Tower
06:51 Guard Tower
06:52 Scout Tower
06:53 Scout Tower
06:54 Scout Tower
07:24 Guard Tower
07:26 Guard Tower
07:26 Guard Tower
07:32 Guard Tower
07:54 Guard Tower
08:06 Guard Tower
08:06 Guard Tower
08:06 Guard Tower
08:51 Keep
08:52 Keep
08:54 Guard Tower
08:57 Scout Tower
09:09 Guard Tower
09:26 Guard Tower
09:43 Scout Tower
09:45 Scout Tower
09:48 Scout Tower
09:49 Scout Tower
09:53 Scout Tower
09:54 Scout Tower
09:55 Scout Tower
10:10 Scout Tower
10:11 Scout Tower
10:13 Scout Tower
10:14 Scout Tower
10:18 Guard Tower
11:29 Guard Tower
11:38 Guard Tower
11:58 Guard Tower
12:04 Guard Tower
12:11 Blacksmith
12:12 Guard Tower
12:35 Arcane Vault
12:41 Guard Tower
13:06 Guard Tower
13:15 Castle
13:58 Farm
14:00 Workshop
14:09 Gryphon Aviary
16:35 Arcane Tower
16:49 Town Hall
17:16 Scout Tower
17:16 Scout Tower
17:17 Scout Tower
17:44 Arcane Tower
17:45 Guard Tower
17:50 Scout Tower
18:58 Guard Tower
19:24 Guard Tower
19:58 Scout Tower
19:58 Scout Tower
20:00 Scout Tower
20:01 Scout Tower
20:02 Scout Tower
22:08 Farm
22:09 Farm
22:10 Farm
22:10 Farm
23:46 Guard Tower
24:07 Scout Tower
24:08 Scout Tower
24:09 Scout Tower
24:10 Scout Tower
24:11 Scout Tower
24:11 Scout Tower
24:42 Arcane Sanctum
24:58 Guard Tower
25:30 Scout Tower
26:01 Guard Tower
27:29 Guard Tower
29:29 Scout Tower
29:30 Scout Tower
29:30 Scout Tower
29:30 Scout Tower
29:35 Scout Tower
29:35 Scout Tower
29:36 Scout Tower
29:36 Scout Tower
30:00 Guard Tower
30:00 Guard Tower
30:00 Guard Tower
30:17 Scout Tower
30:18 Scout Tower
30:18 Scout Tower
30:18 Scout Tower
30:20 Scout Tower
30:20 Scout Tower
30:21 Scout Tower
30:21 Scout Tower
30:27 Arcane Tower
30:28 Arcane Tower
30:28 Guard Tower
30:29 Guard Tower
30:29 Guard Tower
31:53 Guard Tower
31:54 Guard Tower
31:54 Guard Tower
31:55 Guard Tower
31:59 Town Hall
32:04 Guard Tower
37:00 Gryphon Aviary
37:02 Gryphon Aviary
42:58 Workshop
42:59 Workshop
43:00 Workshop
43:10 Scout Tower
43:11 Scout Tower
43:12 Scout Tower
43:12 Scout Tower
43:13 Scout Tower
43:14 Scout Tower
43:15 Scout Tower
43:44 Guard Tower
44:05 Guard Tower
44:33 Guard Tower
45:02 Guard Tower
45:26 Guard Tower
45:53 Guard Tower
54:51 Scout Tower
54:51 Scout Tower
54:52 Scout Tower
54:54 Scout Tower
54:55 Scout Tower
54:56 Scout Tower
54:56 Scout Tower
54:57 Scout Tower
54:59 Scout Tower
54:59 Scout Tower
55:00 Scout Tower
55:01 Scout Tower
55:03 Scout Tower
55:04 Scout Tower
55:04 Scout Tower
55:06 Scout Tower
55:07 Scout Tower
55:08 Scout Tower
55:09 Scout Tower
55:10 Scout Tower
55:11 Scout Tower
55:11 Scout Tower
55:14 Scout Tower
55:14 Scout Tower
55:16 Scout Tower
55:16 Scout Tower
55:18 Scout Tower
55:19 Scout Tower
55:19 Scout Tower
56:16 Guard Tower
56:26 Guard Tower
58:07 Guard Tower
58:47 Guard Tower
58:52 Guard Tower
60:26 Guard Tower
60:35 Scout Tower
60:36 Scout Tower
60:37 Scout Tower
60:38 Scout Tower
60:38 Scout Tower
60:40 Scout Tower
60:40 Scout Tower
60:43 Scout Tower
60:43 Scout Tower
60:44 Scout Tower
60:45 Scout Tower
60:45 Scout Tower
61:00 Guard Tower
61:12 Guard Tower
62:25 Guard Tower
62:37 Guard Tower
63:54 Guard Tower
64:03 Guard Tower
» items
                
                | Scroll of Regeneration | 3 |  | 
| Lesser Clarity Potion | 14 |  | 
| Boots of Speed | 2 |  | 
| Staff of Teleportation | 1 |  | 
| Potion of Lesser Invulnerability | 2 |  | 
| Scroll of Town Portal | 10 |  | 
| Staff of Sanctuary | 2 |  | 
| Scroll of Healing | 3 |  | 
                37 total
  
                Chat log
          
(18:26 / All) BEAR_AND: ty
(61:29 / All) BEAR_AND: CAREFUL
(63:51 / All) BEAR_AND: :)
(65:03 / All) ZoolmaN: U2
(68:56 / All) BEAR_AND: GL HF
(69:06 / All) ZoolmaN: ))
(69:12 / All) BEAR_AND: bahahahahhaha fuck RUS
(69:34 / All) ZoolmaN: И ЧТО
(69:37 / All) BEAR_AND: ENGLISH
(69:59 / All) ZoolmaN: so?
(78:37 / All) BEAR_AND: bye